 Dungeon Crawl Stone Soup version 0.24-a0-479-g9a978d2894 (webtiles) character file.

Game seed: 11272086340737668430

60830 DasRunzen the Blocker (level 14, -5/132 HPs)
             Began as a Minotaur Fighter on July 7, 2019.
             Was the Champion of Okawaru.
             Slain by Snorg (15 damage)
             ... on level 5 of the Lair of Beasts.
             The game lasted 00:31:48 (16842 turns).

DasRunzen the Blocker (Minotaur Fighter)           Turns: 16842, Time: 00:31:49

Health: -5/132     AC: 18    Str: 31    XL:     14   Next: 58%
Magic:  21/21      EV:  8    Int:  9    God:    Okawaru [******]
Gold:   1487       SH: 22    Dex: 17    Spells: 13/13 levels left

rFire    x . .     SeeInvis .   H - +12 broad axe of Hatred {chop, *Contam Str+8}
rCold    + + .     Gourm    .   u - +0 large shield
rNeg     + + .     Faith    +   D - +3 scale mail of Ommeici {*Contam rElec rPois rC++}
rPois    +         Spirit   .   U - +0 hat of Gallantry {rF- MR+ Int+4}
rElec    +         Reflect  .   k - +0 cloak
rCorr    +         Harm     .   E - +1 pair of gloves
MR       ++...     Rnd*Tele +   M - +0 pair of boots of Mezcal {Slay+2}
Stlth    ..........             a - amulet of faith
HPRegen  0.32/turn              L - ring of Absolutism {*Tele rN++ Str-2 Dex+6}
MPRegen  0.17/turn              p - ring of resist corrosion

@: studying 2 skills
A: retaliatory headbutt, horns 2, poison resistance
a: Heroism, Finesse, Renounce Religion


You were on level 5 of the Lair of Beasts.
You worshipped Okawaru.
Okawaru was exalted by your worship.
You were not hungry.

You visited 3 branches of the dungeon, and saw 18 of its levels.
You also visited: Sewer and Gauntlet.

You collected 1487 gold pieces.

Inventory:

Hand Weapons
 z - a +1 broad axe of flaming
 H - the +12 broad axe of Hatred (weapon) {chop, *Contam Str+8}
   (Okawaru gifted it to you on level 4 of the Lair of Beasts)

   It inflicts extra damage upon your enemies.
   It affects your strength (+8).
   It causes magical contamination when unequipped.
 N - the +8 morningstar of Demand {crush, rPois MR+}
   (You found it in a Gauntlet)

   It inflicts extra damage upon your enemies.
   It protects you from poison.
   It affects your resistance to hostile enchantments.
 T - the cursed +0 hunting sling of the Valley of Death {freeze, Fragile rN+ Int+3, unknown}
   (You found it in a Gauntlet)

   It causes projectiles fired from it to freeze those they strike, causing
   extra injury to most foes and up to half again as much damage against
   particularly susceptible opponents.
   They can also slow down cold-blooded creatures.
   It affects your intelligence (+3).
   It protects you from negative energy.
   It will be destroyed if unequipped.
   It has a curse placed upon it.
Armour
 g - the +2 pair of boots "Alepnur" {rC+ Dex+3}
   (Okawaru gifted it to you on level 4 of the Lair of Beasts)

   It affects your dexterity (+3).
   It protects you from cold.
 k - a +0 cloak (worn)
 u - a +0 large shield (worn)
 D - the +3 scale mail of Ommeici (worn) {*Contam rElec rPois rC++}
   (Okawaru gifted it to you on level 2 of the Lair of Beasts)

   It greatly protects you from cold.
   It insulates you from electricity.
   It protects you from poison.
   It causes magical contamination when unequipped.
 E - a +1 pair of gloves (worn)
 M - the +0 pair of boots of Mezcal (worn) {Slay+2}
   (You found it in a Gauntlet)

   It affects your accuracy and damage with ranged weapons and melee attacks
   (+2).
 U - the +0 hat of Gallantry (worn) {rF- MR+ Int+4}
   (Okawaru gifted it to you on level 6 of the Lair of Beasts)

   It affects your intelligence (+4).
   It makes you vulnerable to fire.
   It affects your resistance to hostile enchantments.
Jewellery
 a - an amulet of faith (around neck)
 l - an uncursed ring of poison resistance
 p - a ring of resist corrosion (right hand)
 C - an uncursed amulet of the gourmand
 F - an uncursed ring of fire
 I - an uncursed ring of flight
 L - the ring of Absolutism (left hand) {*Tele rN++ Str-2 Dex+6}
   (You found it in a Gauntlet)

   [ring of teleportation]

   It may teleport you next to monsters.
   It affects your strength (-2).
   It affects your dexterity (+6).
   It greatly protects you from negative energy.
 O - a +3 ring of strength {unknown}
 R - the amulet of Niahuto {Faith Str+2}
   (You took it off a minotaur in a Gauntlet)

   [amulet of faith]

   It allows you to gain divine favour quickly.
   It affects your strength (+2).
Wands
 c - a wand of digging (5)
 o - a wand of flame (15)
 s - a wand of iceblast (6)
 y - a wand of disintegration (36)
 B - a wand of paralysis (19)
Scrolls
 b - 5 scrolls of identify
 m - 3 scrolls of magic mapping
 t - 9 scrolls of teleportation
 v - 3 scrolls of remove curse
 w - 3 scrolls of amnesia
 G - 2 scrolls of fog
 J - 2 scrolls of enchant armour
 K - a scroll of acquirement
 P - a scroll of fear
 Q - a scroll of brand weapon
 W - 2 scrolls of enchant weapon
Potions
 d - 2 potions of might
 e - 4 potions of resistance
 h - 8 potions of curing
 i - 2 potions of lignification
 j - 5 potions of heal wounds
 n - 2 potions of haste
 q - 3 potions of invisibility
 r - 3 potions of brilliance
 x - 5 potions of flight
Books
 S - a manual of Unarmed Combat
 V - a manual of Axes
Comestibles
 f - 24 rations
 A - 5 chunks of flesh


   Skills:
 + Level 14.1 Fighting
 + Level 14.0 Axes
 + Level 14.1 Armour
 + Level 14.2 Shields
 + Level 2.7 Unarmed Combat
 + Level 10.8 Invocations


You had 13 spell levels left.
You didn't know any spells.
Your spell library contained the following spells:

 Spells                   Type           Power        Failure   Level  Hunger
 Apportation              Tloc           #.....       95%         1    ##.....
 Shock                    Conj/Air       #...         95%         1    ##.....
 Summon Butterflies       Summ           #.......     95%         1    ##.....
 Swiftness                Chrm/Air       #.......     99%         2    ###....
 Lesser Beckoning         Tloc           #.........   100%        3    ####...
 Recall                   Summ/Tloc      N/A          100%        3    ####...
 Static Discharge         Conj/Air       #.......     100%        3    ####...
 Tukima's Dance           Hex            #.......     100%        3    ####...
 Airstrike                Air            #.........   100%        4    #####..
 Animate Dead             Necr           N/A          100%        4    #####..
 Alistair's Intoxication  Tmut/Pois      #.......     100%        5    ######.
 Borgnjor's Vile Clutch   Necr/Erth      #.........   100%        5    ######.
 Lightning Bolt           Conj/Air       #.........   100%        5    ######.
 Death Channel            Necr           #.........   100%        6    #######
 Invisibility             Hex            #.......     100%        6    #######
 Simulacrum               Ice/Necr       #.........   100%        6    #######


Dungeon Overview and Level Annotations

Branches:
Dungeon (11/15)            Temple (1/1) D:5            Lair (6/6) D:11
  Swamp (0/4) Lair:4        Slime (0/5) Lair:5
  Snake: Lair:2-4    Spider: Lair:2-4       Orc: D:9-12

Altars:
Ashenzari
Cheibriados
Dithmenos
Elyvilon
Fedhas
Gozag
Hepliaklqana
Kikubaaqudgha
Makhleb
Nemelex Xobeh
Okawaru
Qazlal
Ru
Sif Muna
Trog
Uskayaw
Vehumet
Wu Jian
Xom
Yredelemnul
Zin
The Shining One

Annotations:
D:11 3 runed translucent doors, loom's ghost, journeyman TrMo
Lair:5 Snorg


Innate Abilities, Weirdness & Mutations

You reflexively headbutt those who attack you in melee.
You have a pair of horns on your head.
Your system is resistant to poisons. (rPois)


Message History

Your scale mail of Ommeici prevents you from hitting Snorg.
You headbutt Snorg!
Snorg is heavily wounded.
You hit the death yak but do no damage. Snorg bites you!
* * * LOW HITPOINT WARNING * * *
Snorg claws you but does no damage. You block Snorg's attack.
The death yak gores you but does no damage.
You block Snorg's attack. x3
You feel much better. You block the death yak's attack.
Snorg barely misses you. You furiously retaliate!
You headbutt Snorg! Snorg claws you.
* * * LOW HITPOINT WARNING * * *
Snorg closely misses you.
You feel much better.
You block Snorg's attack. x2; Snorg claws you!
* * * LOW HITPOINT WARNING * * *
The death yak gores you but does no damage.
Snorg bites you!
* * * LOW HITPOINT WARNING * * *
Snorg closely misses you. Snorg claws you!
You die...

.##...>..##...
###........P.#..
<...............
................
....................
#.... ...............
....# #P..†YT......
#...## ##.†@†......
#...#.####.........#.
##...##..##...........
#P..##...P#........#..
#...+.....#.......## .
##..#.#.............
##....####..#......#P.
#.#...# .#...........P
##....##.##.........#


You could see Snorg (berserk) and a death yak.

Vanquished Creatures
  2 entropy weavers (Lair:6)
  A minotaur (Gauntlet)
  A green death (Gauntlet)
  A great orb of eyes (Gauntlet)
  3 hydras (Lair:4)
  3 catoblepae (Lair:6)
  A queen ant (Lair:6)
  3 two-headed ogres (D:11)
  11 death yaks
  A fire crab (Gauntlet)
  An unseen horror (D:10)
  A lindwurm (Lair:4)
  2 ugly things
  2 manticores (Lair:6)
  A black mamba (Lair:3)
  Joseph (D:7)
  5 elephants (Lair:5)
  2 torpor snails
  An orange demon (Gauntlet)
  14 spiny frogs
  13 rime drakes
  A minotaur zombie (Gauntlet)
  8 komodo dragons
  A polar bear (Lair:6)
  13 blink frogs
  Prince Ribbit (D:6)
  A hornet (D:10)
  10 hippogriffs
  53 yaks
  A wraith (D:10)
  7 wyverns
  4 basilisks
  2 fire bats (Gauntlet)
  6 steam dragons (Lair:4)
  23 soldier ants (Lair:6)
  A swamp worm (Lair:4)
  Duvessa (D:6)
  11 water moccasins
  9 porcupines
  A swamp drake (D:11)
  2 sky beasts
  An eye of draining (D:11)
  2 hornet zombies
  4 orc warriors
  2 ice beasts
  A black bear (D:7)
  2 phantoms
  2 centaurs
  12 wolves
  3 ogres
  8 crocodiles
  6 big kobolds
  5 bullfrogs
  A wyvern zombie (D:10)
  A water moccasin zombie (D:7)
  Dowan (D:6)
  6 killer bees (D:11)
  A scorpion (D:9)
  4 howler monkeys
  An electric eel (Lair:2)
  3 crimson imps
  2 hounds
  A quasit (D:8)
  15 orc wizards
  9 jellies
  9 orc priests
  2 bullfrog skeletons
  2 centaur skeletons
  Crazy Yiuf (D:2)
  Ijyb (D:3)
  2 iguanas
  23 worker ants
  A killer bee zombie (D:9)
  A hound zombie (D:6)
  A worker ant zombie (D:6)
  A gnoll (D:8)
  15 adders
  3 river rats (Sewer)
  6 shadow imps
  11 oozes
  2 adder skeletons
  6 worms
  8 leopard geckos
  48 orcs
  11 giant cockroaches
  8 goblins
  16 hobgoblins
  14 jackals
  7 quokkas
  6 ball pythons
  11 bats
  4 frilled lizards
  19 kobolds
  A quokka skeleton (D:5)
  A quokka zombie (D:8)
  12 rats
  2 fungi
  3 plants
577 creatures vanquished.

Vanquished Creatures (others)
  8 fungi
  18 plants
26 creatures vanquished.

Grand Total: 603 creatures vanquished

Notes
Turn   | Place    | Note
-------+----------+-------------------------------------------
     0 | D:1      | DasRunzen the Minotaur Fighter began the quest for the Orb.
     0 | D:1      | Reached XP level 1. HP: 19/19 MP: 0/0
   225 | D:1      | Reached XP level 2. HP: 24/27 MP: 1/1
   588 | D:1      | Reached XP level 3. HP: 33/33 MP: 2/2
   961 | D:2      | Found a runed translucent door.
   962 | D:2      | Noticed Crazy Yiuf
   988 | D:2      | Found a hide-covered altar of Uskayaw.
  1457 | D:2      | Killed Crazy Yiuf
  1457 | D:2      | Reached XP level 4. HP: 16/41 MP: 3/3
  1737 | D:3      | Reached XP level 5. HP: 38/47 MP: 4/4
  1797 | D:3      | Noticed Ijyb
  1809 | D:3      | Killed Ijyb
  1872 | D:3      | Found a glowing drain.
  1885 | D:3      | Reached skill level 5 in Shields
  1893 | Sewer    | Entered a sewer
  1950 | Sewer    | Reached skill level 5 in Fighting
  1950 | Sewer    | Reached skill level 5 in Armour
  1950 | Sewer    | Reached XP level 6. HP: 46/56 MP: 5/5
  2279 | Sewer    | Reached skill level 5 in Axes
  2279 | Sewer    | Reached XP level 7. HP: 45/62 MP: 6/6
  2855 | D:3      | Found a faded altar of an unknown god.
  3457 | D:4      | Reached XP level 8. HP: 50/71 MP: 7/7
  4095 | D:5      | Entered Level 5 of the Dungeon
  4246 | D:5      | Found a staircase to the Ecumenical Temple.
  4266 | Temple   | Entered the Ecumenical Temple
  4328 | Temple   | Became a worshipper of Warmaster Okawaru
  4571 | D:5      | Found a glowing golden altar of the Shining One.
  4572 | D:5      | Found a sacrificial altar of Ru.
  4572 | D:5      | Found a blossoming altar of Fedhas.
  4572 | D:5      | Found a bloodstained altar of Trog.
  4579 | D:5      | Found a shimmering altar of Xom.
  4579 | D:5      | Found a sparkling altar of Nemelex Xobeh.
  4761 | D:5      | Found an ancient bone altar of Kikubaaqudgha.
  4876 | D:5      | Reached skill level 1 in Invocations
  4966 | D:6      | Noticed Prince Ribbit
  4982 | D:6      | Killed Prince Ribbit
  4982 | D:6      | Reached * piety under Okawaru
  5151 | D:6      | Noticed Duvessa
  5151 | D:6      | Noticed Dowan
  5156 | D:6      | Killed Dowan
  5177 | D:6      | Killed Duvessa
  5177 | D:6      | Reached XP level 9. HP: 16/80 MP: 9/9
  5515 | D:6      | Found a glowing silver altar of Zin.
  6130 | D:7      | Noticed Joseph
  6149 | D:7      | Killed Joseph
  6149 | D:7      | Reached ** piety under Okawaru
  6547 | D:7      | Found a burning altar of Makhleb.
  6723 | D:7      | Found a shadowy altar of Dithmenos.
  7295 | D:8      | Reached *** piety under Okawaru
  7597 | D:9      | Reached XP level 10. HP: 88/91 MP: 12/12
  7642 | D:9      | Reached **** piety under Okawaru
  7658 | D:9      | Reached skill level 5 in Invocations
  8101 | D:10     | Entered Level 10 of the Dungeon
  8147 | D:10     | Found a sparkling altar of Nemelex Xobeh.
  8357 | D:10     | Killed an unseen horror
  8357 | D:10     | Reached ***** piety under Okawaru
  8505 | D:10     | Reached skill level 10 in Shields
  8816 | D:10     | Gained mutation: Scrolls take you a little longer to read.
                  | [potion of mutation]
  8816 | D:10     | Lost mutation: Scrolls take you a little longer to read.
                  | [potion of mutation]
  8816 | D:10     | Gained mutation: Your system is resistant to poisons.
                  | (rPois) [potion of mutation]
  8911 | D:11     | Found a runed translucent gate.
  8911 | D:11     | Found a runed translucent gate.
  8911 | D:11     | Found a runed translucent gate.
  8911 | D:11     | Noticed loom's ghost (journeyman TrMo)
  8912 | D:11     | Noticed a spectral centaur warrior
  8918 | D:11     | Noticed a two-headed ogre
  8925 | D:11     | Killed a two-headed ogre
  8925 | D:11     | Reached skill level 10 in Fighting
  8925 | D:11     | Reached skill level 10 in Armour
  8932 | D:11     | Reached XP level 11. HP: 63/99 MP: 14/14
  9268 | D:11     | Found a staircase to the Lair.
  9272 | D:11     | Received a gift from Okawaru
  9272 | D:11     | Reached skill level 10 in Axes
  9571 | D:11     | Noticed a two-headed ogre
  9576 | D:11     | Killed a two-headed ogre
  9576 | D:11     | Reached ****** piety under Okawaru
  9687 | D:11     | Found an opulent altar of Gozag.
  9697 | D:11     | Noticed a cyan ugly thing
  9706 | D:11     | Killed a cyan ugly thing
  9752 | D:11     | Noticed a two-headed ogre
  9757 | D:11     | Killed a two-headed ogre
  9993 | Lair:1   | Entered Level 1 of the Lair of Beasts
 10018 | Lair:1   | Identified a scroll of acquirement
 10445 | Lair:1   | Received a gift from Okawaru
 10623 | Lair:1   | Reached XP level 12. HP: 49/110 MP: 16/16
 11254 | Lair:2   | Received a gift from Okawaru
 11276 | Lair:2   | Got a polished scale mail {god gift}
 11290 | Lair:2   | Identified the +3 scale mail of Ommeici {*Contam rElec
                  | rPois rC++} (Okawaru gifted it to you on level 2 of the
                  | Lair of Beasts)
 11538 | Lair:2   | Found a stormy altar of Qazlal.
 13186 | Lair:4   | Received a gift from Okawaru
 13212 | Lair:4   | Reached XP level 13. HP: 51/119 MP: 18/18
 13560 | Lair:4   | Got a pitted broad axe {god gift}
 13561 | Lair:4   | Identified the +12 broad axe of Hatred {chop, *Contam
                  | Str+8} (Okawaru gifted it to you on level 4 of the Lair of
                  | Beasts)
 13767 | Lair:4   | Received a gift from Okawaru
 13772 | Lair:4   | Got a pair of smoking boots {god gift}
 13778 | Lair:4   | Identified the +2 pair of boots "Alepnur" {rC+ Dex+3}
                  | (Okawaru gifted it to you on level 4 of the Lair of Beasts)
 14251 | Lair:4   | Found a staircase to the Swamp.
 14476 | Lair:4   | You fall into a shaft and drop 2 floors!
 14476 | Lair:6   | Entered Level 6 of the Lair of Beasts
 14548 | Lair:6   | Noticed an entropy weaver
 14550 | Lair:6   | Noticed an entropy weaver
 14561 | Lair:6   | Killed an entropy weaver
 14584 | Lair:6   | Killed an entropy weaver
 14601 | Lair:6   | Reached skill level 10 in Invocations
 14649 | Lair:6   | Found a gate leading to a gauntlet.
 14667 | Lair:6   | Received a gift from Okawaru
 14681 | Gauntlet | Entered a Gauntlet
 14681 | Gauntlet | Found a large runed translucent door.
 14681 | Gauntlet | Found a large runed translucent door.
 14681 | Gauntlet | Found a large runed translucent door.
 14681 | Gauntlet | Found a large runed translucent door.
 14681 | Gauntlet | Found a large runed translucent door.
 14681 | Gauntlet | Found a large runed translucent door.
 14681 | Gauntlet | Found a large runed translucent door.
 14681 | Gauntlet | Found a large runed translucent door.
 14681 | Gauntlet | Found a runed translucent door.
 14681 | Gauntlet | Found a runed translucent gate.
 14681 | Gauntlet | Found a transporter.
 14681 | Gauntlet | Found a transporter.
 14681 | Gauntlet | Found a runed translucent gate.
 14681 | Gauntlet | Found a transporter.
 14681 | Gauntlet | Found a transporter.
 14866 | Gauntlet | Found a transporter.
 14876 | Gauntlet | Found a transporter.
 14880 | Gauntlet | Found a transporter.
 14889 | Gauntlet | Noticed a green death
 14890 | Gauntlet | Found a transporter.
 14912 | Gauntlet | Found a transporter.
 14929 | Gauntlet | Found a transporter.
 14933 | Gauntlet | Found a transporter.
 14943 | Gauntlet | Found a transporter.
 14949 | Gauntlet | Found a runed translucent gate.
 14950 | Gauntlet | Found a large runed translucent door.
 14950 | Gauntlet | Found a large runed translucent door.
 14951 | Gauntlet | Found a large runed translucent door.
 14952 | Gauntlet | Found a large runed translucent door.
 14953 | Gauntlet | Found a large runed translucent door.
 14953 | Gauntlet | Found a large runed translucent door.
 14953 | Gauntlet | Found a runed translucent door.
 14954 | Gauntlet | Found a large runed translucent door.
 14955 | Gauntlet | Found a large runed translucent door.
 15307 | Gauntlet | Got a smoking brass ring
 15309 | Gauntlet | Identified the ring of Absolutism {*Tele rN++ Str-2 Dex+6}
                  | (You found it in a Gauntlet)
 15335 | Gauntlet | Got a pair of ancient boots
 15337 | Gauntlet | Got a polished morningstar
 15338 | Gauntlet | Identified the +8 morningstar of Demand {crush, rPois MR+}
                  | (You found it in a Gauntlet)
 15349 | Gauntlet | Identified the +0 pair of boots of Mezcal {Slay+2} (You
                  | found it in a Gauntlet)
 15358 | Gauntlet | Killed a green death
 15384 | Gauntlet | Identified the amulet of Niahuto {Faith Str+2}
 15384 | Gauntlet | Noticed a minotaur
 15389 | Gauntlet | Killed a minotaur
 15396 | Gauntlet | Reached XP level 14. HP: 75/129 MP: 20/20
 15575 | Gauntlet | Got a translucent hunting sling
 16087 | Lair:6   | Received a gift from Okawaru
 16108 | Lair:6   | Got a translucent hat {god gift}
 16119 | Lair:6   | Identified the +0 hat of Gallantry {rF- MR+ Int+4} (Okawaru
                  | gifted it to you on level 6 of the Lair of Beasts)
 16704 | Lair:5   | Found a staircase to the Slime Pits.
 16826 | Lair:5   | Noticed Snorg
 16827 | Lair:5   | Reached skill level 1 in Unarmed Combat
 16840 | Lair:5   | HP: 4/132 [Snorg (11)]
 16842 | Lair:5   | Slain by Snorg

Levels and vault maps discovered:
D:1:      dpeg_arrival_boxes_within_box, layout_loops_ring,
          minmay_worlds_worst_comb
D:2:      layout_basic, old_standard_altar, uniq_crazy_yiuf_cottage
D:3:      layout_basic, chequers_ecumenical_altar_grove, portal_sewer_entry_a,
          minmay_joined_circles, uniq_ijyb
D:4:      layout_gridville
D:5:      layout_basic, kiku_gazebo_garden_becter, minmay_overflow_temple_hex,
          minmay_temple_entry_mini_moons, first_ration
D:6:      layout_basic, lemuel_coloured_pillars_altar, uniq_duvessa,
          uniq_prince_ribbit1
D:7:      layout_loops_corners, basic_altar, grunt_dithmenos_smoke, uniq_joseph
D:8:      layout_loops_cross, hangedman_little_slice_of_home, st_stairs_3,
          sigmund_army
D:9:      layout_rooms, chequers_serial_rivers_large_b
D:10:     layout_loops_cross, basic_altar, minmay_misc_feat_columns
D:11:     layout_roguey, erik_lair_dragon, basic_altar,
          gammafunk_ghost_necromancy
Temple:   dshaligram_water_room_temple
Lair:1:   layout_hall_layers
Lair:2:   layout_chaotic_city, basic_altar, serial_bayou_shore_a
Lair:3:   layout_misc_corridors, st_stairs_11, minivault_25, minivault_24,
          grunt_megastairs_2
Lair:4:   layout_gridlike, palyth_hydra_swamp_entry,
          nicolae_spider_entry_tight_spaces, bobbens_dragon_lair_wall,
          uniq_nergalle
Lair:5:   layout_regular_city, slime_dummy, tgw_fedhas, uniq_snorg
Lair:6:   evilmike_catoblepas_cave, layout_regular_city, gauntlet_entry_generic,
          minivault_29

Skill      XL: |  1  2  3  4  5  6  7  8  9 10 11 12 13 14 |
---------------+-------------------------------------------+-----
Shields        | 4 5 6 7 9 10 11 12 13 14 | 14.2
Fighting       | 4 5 6 7 9 10 11 12 13 14 | 14.1
Armour         | 4 5 6 7 9 10 11 12 13 14 | 14.1
Axes           | 3 4 5 6 7 8 9 11 12 13 14 | 14.0
Invocations    | 2 4 6 7 8 10 | 10.8
Unarmed Combat | 2 |  2.7

Action                   |  1- 3 |  4- 6 |  7- 9 | 10-12 | 13-15 || total
-------------------------+-------+-------+-------+-------+-------++-------
Melee: War axe           |   130 |   165 |   341 |       |       ||   636
       Headbutt          |    15 |    22 |    86 |   103 |    89 ||   315
       Broad axe         |       |       |   159 |   322 |   294 ||   775
       Executioner's axe |       |       |       |   211 |     9 ||   220
  Use: Scroll            |     4 |       |     9 |    13 |     2 ||    28
       Potion            |       |       |       |     1 |     2 ||     3
 Stab: Petrified         |       |       |       |       |     3 ||     3
  Eat: Chunk             |     2 |     3 |    14 |    19 |     6 ||    44
       Ration            |       |       |     1 |       |     2 ||     3
Armor: Scale mail        |    63 |    66 |   109 |   120 |   124 ||   482
       Chain mail        |       |       |    14 |       |       ||    14
       Crystal plate arm |       |       |   130 |   317 |       ||   447
Dodge: Dodged            |    42 |    50 |    81 |   157 |    61 ||   391
Block: Shield            |    77 |   104 |   109 |       |       ||   290
       Large shield      |       |       |   259 |   272 |   321 ||   852

Table legend:
 A = Non-vault XP
 B = Vault XP
 C = Vault XP percentage of total XP
 D = Non-vault monster count
 E = Vault monster count
 F = Vault count percentage of total count
                 A         B        C        D         E       F
            +---------+---------+-------+---------+---------+-------
      Total |   49559 |   37341 |  43.0 |     393 |     179 |  31.3
            +---------+---------+-------+---------+---------+-------
        D:1 |      32 |      10 |  23.8 |      21 |       5 |  19.2
        D:2 |      32 |      39 |  54.9 |      18 |       1 |   5.3
        D:3 |     120 |      89 |  42.6 |      34 |      18 |  34.6
        D:4 |     635 |       0 |   0.0 |      24 |       0 |   0.0
        D:5 |     550 |       0 |   0.0 |      24 |       0 |   0.0
        D:6 |     466 |     499 |  51.7 |      18 |       3 |  14.3
        D:7 |     563 |     455 |  44.7 |      10 |       1 |   9.1
        D:8 |     627 |     352 |  36.0 |      16 |      15 |  48.4
        D:9 |    2916 |       0 |   0.0 |      31 |       0 |   0.0
       D:10 |    1746 |       0 |   0.0 |      14 |       0 |   0.0
       D:11 |    5656 |     768 |  12.0 |      47 |       5 |   9.6
     Lair:1 |    6793 |       0 |   0.0 |      34 |       0 |   0.0
     Lair:2 |    3752 |       0 |   0.0 |      16 |       0 |   0.0
     Lair:3 |    7639 |     829 |   9.8 |      32 |       3 |   8.6
     Lair:4 |    6392 |    8406 |  56.8 |      26 |      23 |  46.9
     Lair:5 |    9348 |       0 |   0.0 |      20 |       0 |   0.0
     Lair:6 |    2292 |   19451 |  89.5 |       8 |      68 |  89.5
      Sewer |       0 |     632 | 100.0 |       0 |      28 | 100.0
   Gauntlet |       0 |    5811 | 100.0 |       0 |       9 | 100.0
            +---------+---------+-------+---------+---------+-------
